 Dungeon Crawl Stone Soup version 0.29.1-14-g9c671dbff4 (webtiles) character file.

Game seed: 13026696835471373021

4 croobank the Conjurer (level 1, 0/14 HPs)
             Began as a Minotaur Conjurer on Feb 16, 2023.
             Slain by a bat (1 damage)
             ... on level 1 of the Dungeon.
             The game lasted 00:00:45 (61 turns).

croobank the Conjurer (Minotaur Conjurer)             Turns: 61, Time: 00:00:46

Health: 0/14       AC:  2    Str: 11    XL:     1   Next: 50%
Magic:  0/1        EV: 12    Int: 15    God:
Gold:   15         SH:  0    Dex:  8    Spells: 1/2 levels left

rFire   . . .      SeeInvis .   (no weapon)
rCold   . . .      Faith    .   (no shield)
rNeg    . . .      Spirit   .   a - +0 robe
rPois   .          Reflect  .   (helmet restricted)
rElec   .          Harm     .   (no cloak)
rCorr   .          Rampage  .   (no gloves)
Will    .....                   (no boots)
Stlth   +.........              (no amulet)
HPRegen 0.04/turn               (no ring)
MPRegen 0.07/turn               (no ring)

@: no status effects
A: horns 2, retaliatory headbutt
a: no special abilities


You were on level 1 of the Dungeon.
You visited 1 branch of the dungeon, and saw 1 of its levels.

You collected 15 gold pieces.

Inventory:

Armour
 a - a +0 robe (worn)
Scrolls
 c - a scroll of torment {unknown}


   Skills:
 + Level 2.3 Dodging
 + Level 1.6 Stealth
 + Level 1.4 Spellcasting
 + Level 3.0 Conjurations


You had one spell level left.
You knew the following spells:

 Your Spells              Type           Power      Damage    Failure   Level
a - Magic Dart            Conj           40%        1d5       7%          1

Your spell library contained the following spells:

 Spells                   Type           Power      Damage    Failure   Level
 Searing Ray              Conj           20%        2d5       11%         2
 Dazzling Flash           Conj/Hex       10%        N/A       36%         3
 Fulminant Prism          Conj/Hex       2%         3d6       77%         4
 Iskenderun's Mystic Bla  Conj/Tloc      5%         2d3       77%         4


Dungeon Overview and Level Annotations

Branches:
Dungeon (1/15)

Altars:


Innate Abilities, Weirdness & Mutations

You have a pair of horns on your head.
You reflexively headbutt those who attack you in melee.


Message History

You headbutt the bat, but do no damage.
Casting: Magic Dart (safe; 7% risk of failure)
Confirm with . or Enter, or press ? or * to list all spells.
Aiming: Magic Dart (safe; 7% risk of failure)
Press: ? - help, Shift-Dir - straight line, f - bat
Aim: a bat (100% to hit)
The magic dart hits the bat.
The bat is heavily wounded.
The bat hits you but does no damage. x2
You barely miss the bat.
The bat is heavily wounded.
The bat hits you but does no damage. The bat barely misses you.
The rat closely misses you. Magic courses through your body.
The bat barely misses you. The bat misses you. The rat barely misses you.
Unknown command.
Sorry, you're not good enough to have a special ability.
Casting: Magic Dart (safe; 7% risk of failure)
Confirm with . or Enter, or press ? or * to list all spells.
Aiming: Magic Dart (safe; 7% risk of failure)
Press: ? - help, Shift-Dir - straight line, f/p - bat
Aim: a bat (heavily wounded, 100% to hit)
The magic dart hits the bat but does no damage.
The bat is heavily wounded.
The bat barely misses you. The bat hits you.
* * * LOW HITPOINT WARNING * * *
The rat closely misses you.
There are monsters nearby!
You hit the bat but do no damage. Your headbutt misses the bat.
The bat is moderately wounded.
The bat hits you.
* * * LOW HITPOINT WARNING * * *
The rat barely misses you.
You miss the bat.
The bat is moderately wounded.
The bat barely misses you. The rat completely misses you.
You hit the bat.
The bat is heavily wounded.
The bat hits you.
You die...

## .# .# .# #
###.#.#
############@b...#
#P~≈≈≈≈≈≈≈~P#r####
#.P~~≈≈≈~~P.#g#
#..P~≈≈≈≈P..#.#
#...P~≈~P...#.#
#....P~P....#.#
#.....P.....#.#
##...........#.#
####......<.......#


You could see a goblin, a bat and a rat.

Vanquished Creatures
  A hobgoblin (D:1)
  A quokka (D:1)
  A bat (D:1)
  A kobold (D:1)
4 creatures vanquished.

Notes
Turn   | Place    | Note
-------+----------+-------------------------------------------
     0 | D:1      | croobank the Minotaur Conjurer began the quest for the Orb.
     0 | D:1      | Reached XP level 1. HP: 14/14 MP: 1/1
    26 | D:1      | Reached skill level 3 in Conjurations
    61 | D:1      | Slain by a bat

Illustrated notes

Levels and vault maps discovered:
D:1:      eino_arrival_druids_welcome, layout_basic,
          nicolae_ecumenical_snake_handling

Skill      XL: |  1 |
---------------+----+-----
Conjurations   | 3 |  3.0
Dodging        | |  2.3
Stealth        | |  1.6
Spellcasting   | |  1.4

Action                   || total
-------------------------++-------
Melee: Unarmed           ||    17
 Cast: Magic Dart        ||     4
  Use: Potion            ||     1
Armor: Robe              ||     3
Dodge: Dodged            ||    23
